[Event "Team 45 45 League T57"]
[Site "Internet Chess Club"]
[Date "2013.06.09"]
[Round "3"]
[White "RookCommander1"]
[Black "seldredg"]
[Result "1/2-1/2"]
[WhiteElo "1248"]
[BlackElo "1305"]
[Opening "Scandinavian: Pytel-Wade variation"]
[ECO "B01"]
[Time "19:00:59"]
[TimeControl "2700+45"]

1. e4 d5 2. exd5 Qxd5 3. Nc3 Qd6 4. d3 Nf6 5. Nf3 a6 6. Be2 Nc6 7. O-O Bg4 8. h3
Bh5 9. Bd2 e6 10. Ng5 Bxe2 11. Qxe2 Nd4 12. Qd1 h6 13. Nge4 Qd8 14. Nxf6+ gxf6
15. Ne4 Be7 16. c3 Nf5 17. d4 Qd5 18. Re1 h5 19. Bf4 O-O-O 20. Qd3 Nh4 21. g3
Rhg8 22. Kh2 Ng6 23. Be3 f5 24. Nd2 Ne5 25. Qf1 Nf3+ 26. Nxf3 Qxf3 27. Qg2 Qxg2+
28. Kxg2 h4 29. Kh2 Bd6 30. Bf4 Bxf4 31. gxf4 Rg6 32. Rg1 Rdg8 33. Rxg6 Rxg6 34.
Rg1 Kd7 35. Rxg6 fxg6 36. Kg2 Kd6 37. Kf3 Kd5 38. Ke3 b5 39. Kd3 a5 40. b3 Kd6
41. c4 b4 42. Kc2 Kc6 43. Kb2 Kd6 44. a3 c5 45. dxc5+ Kxc5 46. a4 Kd4 47. Kc2
Ke4 48. f3+ Kd4 49. Kd2 e5 50. fxe5 Kxe5 51. Kd3 f4 52. c5 Kd5 53. c6 Kxc6 54.
Ke4 Kd6 55. Kxf4 Ke6 56. Kg5 Ke5 57. Kxg6 Kf4 58. Kh5 Kg3 59. f4 Kxh3 60. f5 Kg3
61. f6 h3 62. f7 h2 63. f8=Q h1=Q+ 64. Kg5 Qh4+ 65. Kg6 Qg4+ 66. Kh7 Qh5+ 67.
Kg7 Qe5+ 68. Kh7 Qe4+ 69. Kg7 Qd4+ 70. Kh7 {Game drawn by mutual agreement}
1/2-1/2

[Event "Team 45 45 League T57"]
[Site "Internet Chess Club"]
[Date "2013.06.08"]
[Round "3"]
[White "FourKnights"]
[Black "fishhead"]
[Result "1/2-1/2"]
[WhiteElo "1811"]
[BlackElo "1923"]
[Opening "King's Indian defense, 3.Nc3"]
[ECO "E61"]
[Time "14:26:32"]
[TimeControl "2700+45"]

1. d4 Nf6 2. c4 g6 3. Nc3 Bg7 4. g3 d6 5. Bg2 c6 6. Nf3 Qc7 7. O-O O-O 8. e4 e5
9. dxe5 dxe5 10. Qe2 Nbd7 11. b4 a5 12. b5 Re8 13. Bb2 Nc5 14. h3 h6 15. Ba3 Bf8
16. Qe3 b6 17. Nd2 Be6 18. bxc6 Qxc6 19. Nd5 Nfd7 20. Rab1 Kg7 21. Rb5 Rab8 22.
Rfb1 Rb7 23. Bc1 f6 24. Nb3 g5 25. Nxc5 Bxc5 26. Qb3 Rc8 27. Rxa5 Bd4 28. Rb5
Qxc4 29. Qxc4 Rxc4 30. Be3 Bxd5 31. exd5 Bxe3 32. fxe3 e4 33. R5b4 Rxb4 34. Rxb4
f5 35. g4 Kf6 36. gxf5 Kxf5 37. Bxe4+ Ke5 38. Bg2 Rc7 39. e4 Rc2 40. a4 Kf4 41.
Rb5 {Game drawn by mutual agreement} 1/2-1/2

[Event "Team 45 45 League T57"]
[Site "Internet Chess Club"]
[Date "2013.06.09"]
[Round "3"]
[White "jps7"]
[Black "pishd"]
[Result "1/2-1/2"]
[WhiteElo "1794"]
[BlackElo "1780"]
[Opening "Queen's pawn game"]
[ECO "D05"]
[Time "11:13:21"]
[TimeControl "2700+45"]

1. d4 Nf6 2. Nf3 e6 3. e3 d5 4. Bd3 Bd6 5. O-O O-O 6. b3 c5 7. Bb2 Nbd7 8. Ne5
Qc7 9. f4 a6 10. a4 b6 11. Nd2 Bb7 12. Qe2 Rfd8 13. Ndf3 Ne4 14. Bxe4 dxe4 15.
Ng5 Rf8 16. Qh5 Nf6 17. Qh3 h6 18. Nxe6 fxe6 19. Qxe6+ Kh7 20. Qf5+ Kg8 21. Qe6+
Kh7 22. Qf5+ Kg8 23. Qe6+ Kh7 24. Qf5+ {Game drawn by repetition} 1/2-1/2

[Event "Team 45 45 League T57"]
[Site "Internet Chess Club"]
[Date "2013.06.09"]
[Round "3"]
[White "timothysmall56"]
[Black "chrisgianno"]
[Result "1-0"]
[WhiteElo "1739"]
[BlackElo "1717"]
[Opening "Sicilian: Canal-Sokolsky attack, 3...Bd7"]
[ECO "B52"]
[Time "14:17:21"]
[TimeControl "2700+45"]

1. e4 c5 2. Nf3 d6 3. Bb5+ Bd7 4. Bxd7+ Nxd7 5. d4 cxd4 6. Nxd4 Ngf6 7. Nc3 e6
8. O-O Be7 9. Ndb5 a6 10. Nxd6+ Bxd6 11. Qxd6 Qe7 12. Qxe7+ Kxe7 13. Bg5 h6 14.
Bxf6+ gxf6 15. Rad1 Ne5 16. Rd4 Nc6 17. Rd2 Rad8 18. Rfd1 Rxd2 19. Rxd2 Rd8 20.
Rxd8 Kxd8 21. a3 Nd4 22. Kf1 Nxc2 23. Ke2 Kc7 24. Kd2 Nd4 25. Ke3 Nc2+ 26. Kd2
Nd4 27. Ne2 Nc6 28. f4 Kd6 29. Ke3 Na5 30. Kf3 Nc4 31. Kg4 Nxb2 32. Kh5 Nc4 33.
a4 b5 34. axb5 axb5 35. Kxh6 b4 36. h4 Ne3 37. Kg7 Nxg2 38. h5 b3 39. h6 b2 40.
Nc3 Nxf4 41. Kxf7 Ne2 42. Nb1 f5 43. h7 f4 44. h8=Q e5 45. Qf6+ {Black resigns}
1-0

[Event "Team 45 45 League T57"]
[Site "Internet Chess Club"]
[Date "2013.06.10"]
[Round "3"]
[White "cysk"]
[Black "borgeaud"]
[Result "1-0"]
[WhiteElo "1797"]
[BlackElo "1976"]
[Opening "Sicilian: closed"]
[ECO "B23"]
[Time "22:18:29"]
[TimeControl "2700+45"]

1. e4 c5 2. Nc3 e6 3. f4 Ne7 4. Nf3 d5 5. d4 cxd4 6. Qxd4 Nbc6 7. Qd1 g6 8. e5
Bg7 9. Bb5 O-O 10. Be3 a6 11. Be2 f6 12. exf6 Bxf6 13. Nd4 Nxd4 14. Bxd4 Bxd4
15. Qxd4 Nf5 16. Qf2 d4 17. O-O-O Qa5 18. Rxd4 Qb6 19. Rhd1 Nxd4 20. Qxd4 Qxd4
21. Rxd4 b5 22. g3 Ra7 23. a4 bxa4 24. Nxa4 Re8 25. Nb6 a5 26. Bb5 Rf8 27. Nxc8
Rxc8 28. Bd7 Rc5 29. Bxe6+ Kg7 30. Bb3 Re7 31. Kd2 g5 32. fxg5 Rxg5 33. Bc4 Rf5
34. Rh4 h5 35. Bd3 Rc5 36. Rf4 Rb7 37. b3 Rb4 38. Bc4 a4 39. Kc3 {Black resigns}
1-0

[Event "Team 45 45 League T57"]
[Site "Internet Chess Club"]
[Date "2013.06.10"]
[Round "3"]
[White "WillC"]
[Black "cityprosecutor"]
[Result "1-0"]
[WhiteElo "1846"]
[BlackElo "1857"]
[Opening "Old Indian: Tartakower (Wade) variation"]
[ECO "A04"]
[Time "21:00:38"]
[TimeControl "2700+45"]

1. Nf3 d6 2. d4 Bg4 3. Bf4 Nd7 4. Nbd2 g6 5. h3 Bxf3 6. Nxf3 Bg7 7. c3 e5 8.
dxe5 dxe5 9. Bg5 Ne7 10. e4 Nc5 11. Qc2 c6 12. Rd1 Qc7 13. Be2 h6 14. Be3 Ne6
15. O-O g5 16. Nh2 h5 17. g3 Ng6 18. Qc1 Bf6 19. Rd3 Rd8 20. Rxd8+ Qxd8 21. Rd1
Qc7 22. Qd2 b6 23. Bc4 h4 24. Ng4 Be7 25. Bxe6 fxe6 26. Bxg5 hxg3 27. fxg3 Rxh3
28. Kg2 Rh7 29. Rf1 Rg7 30. Bxe7 Kxe7 31. Qg5+ Kd7 32. Qf6 Kc8 33. Qxe6+ Kb7 34.
Rf6 Re7 35. Qd6 Qxd6 36. Rxd6 Nf8 37. Ne3 Nd7 38. Nf5 Rf7 39. g4 Nc5 40. Kf3 Na4
41. g5 Kc7 42. Re6 {Black resigns} 1-0

[Event "Team 45 45 League T57"]
[Site "Internet Chess Club"]
[Date "2013.06.09"]
[Round "3"]
[White "Warpdrive"]
[Black "bahamapapa"]
[Result "0-1"]
[WhiteElo "1698"]
[BlackElo "1803"]
[Opening "Robatsch defense"]
[ECO "B06"]
[Time "20:16:27"]
[TimeControl "2700+45"]

1. e4 g6 2. d4 Bg7 3. Nc3 c6 4. Nf3 d5 5. h3 a6 6. Bd3 c5 7. dxc5 Bxc3+ 8. bxc3
dxe4 9. Bxe4 Qxd1+ 10. Kxd1 Nf6 11. Bd3 Bd7 12. Re1 Bc6 13. Be3 Nd5 14. Bd4 f6
15. Be4 Nd7 16. c4 Nc7 17. Bxc6 bxc6 18. Rb1 e5 19. Be3 O-O-O 20. Ke2 Ne6 21.
Red1 Ndxc5 22. Rxd8+ Rxd8 23. Rd1 Rxd1 24. Kxd1 Kd7 25. Nd2 Na4 26. Kc1 Nc3 27.
a3 Nf4 28. Bxf4 Ne2+ 29. Kd1 Nxf4 30. Ne4 f5 31. Nc5+ Kd6 32. Nxa6 c5 33. a4 Ne6
34. c3 Kc6 35. g3 Kb7 36. Nb4 cxb4 37. cxb4 Ng5 38. h4 Ne4 39. Ke1 Nc3 40. Kd2
Nxa4 41. c5 {White resigns} 0-1

[Event "Team 45 45 League T57"]
[Site "Internet Chess Club"]
[Date "2013.06.08"]
[Round "3"]
[White "SugarIslander"]
[Black "CKNIGHT3"]
[Result "0-1"]
[WhiteElo "1672"]
[BlackElo "1691"]
[Opening "QGD semi-Slav: Stoltz variation"]
[ECO "D45"]
[Time "14:01:00"]
[TimeControl "2700+45"]

1. d4 d5 2. c4 c6 3. Nf3 Nf6 4. Nc3 e6 5. e3 Nbd7 6. Qc2 Bd6 7. Bd2 O-O 8. O-O-O
a6 9. e4 dxe4 10. Nxe4 Nxe4 11. Qxe4 Nf6 12. Qh4 h6 13. Bd3 b5 14. Bxh6 gxh6 15.
Qxh6 Re8 16. c5 Bf8 17. Qg5+ Bg7 18. h4 Qd5 19. Ne5 Qxd4 20. h5 Qxc5+ 21. Kb1
Nh7 22. Bxh7+ Kxh7 23. f4 Bh6 24. Qf6 Qe7 25. Qxf7+ Qxf7 26. Nxf7 Bxf4 27. Rdf1
e5 28. Nd6 Rg8 29. Nxc8 Raxc8 30. Rhg1 Rg4 31. g3 Rcg8 32. Rg2 Rxg3 33. Rxg3
Rxg3 34. b3 c5 35. Kb2 Kh6 36. Rh1 Rg2+ 37. Kb1 e4 38. a3 e3 39. a4 e2 40. axb5
axb5 41. b4 Rf2 {White resigns} 0-1

[Event "Team 45 45 League T57"]
[Site "Internet Chess Club"]
[Date "2013.06.09"]
[Round "3"]
[White "EyeAm"]
[Black "LittleButton"]
[Result "1/2-1/2"]
[WhiteElo "1761"]
[BlackElo "1838"]
[Opening "Sicilian: Alapin's variation (2.c3)"]
[ECO "B22"]
[Time "14:03:23"]
[TimeControl "2700+45"]

1. e4 c5 2. c3 Nf6 3. e5 Nd5 4. d4 cxd4 5. Nf3 e6 6. cxd4 d6 7. Bc4 Nc6 8. O-O
Be7 9. a3 O-O 10. Re1 Bd7 11. Qd3 Na5 12. exd6 Bxd6 13. Ba2 Qb6 14. Nc3 Nb3 15.
Nxd5 Nxc1 16. Raxc1 exd5 17. Bxd5 Qxb2 18. Ng5 g6 19. Rb1 Qxa3 20. Qxa3 Bxa3 21.
Rxb7 Rad8 22. Rxa7 Bb4 23. Bxf7+ Rxf7 24. Nxf7 Kxf7 25. Rb1 Be7 26. f3 Bf6 27.
Rb4 Kg8 {Game drawn by mutual agreement} 1/2-1/2

[Event "Team 45 45 League T57"]
[Site "Internet Chess Club"]
[Date "2013.06.05"]
[Round "3"]
[White "Schachteufel"]
[Black "bookseller"]
[Result "1-0"]
[WhiteElo "1657"]
[BlackElo "1639"]
[Opening "Ruy Lopez: fianchetto (Smyslov/Barnes) defense"]
[ECO "C60"]
[Time "12:02:19"]
[TimeControl "2700+45"]

1. e4 e5 2. Nf3 Nc6 3. Bb5 g6 4. O-O Bg7 5. c3 a6 6. Ba4 d6 7. h3 Ne7 8. d4 exd4
9. cxd4 O-O 10. Nc3 b5 11. Bb3 Na5 12. Bc2 Bb7 13. Bg5 f6 14. Be3 d5 15. b3 dxe4
16. Nxe4 Bd5 17. Rc1 Nac6 18. Nh2 Nb4 19. Bb1 Bxe4 20. Bxe4 Nbd5 21. Re1 f5 22.
Bf3 f4 23. Bd2 Bxd4 24. Re4 Bg7 25. Ng4 Qd6 26. Qe1 c5 27. Re6 Qd7 28. Rxc5 Rac8
29. Rxc8 Rxc8 30. Rxa6 Qb7 31. Qe6+ Kh8 32. Rd6 Rc5 33. Bb4 Rc1+ 34. Kh2 h5 35.
Bxd5 Nxd5 36. Rd8+ Kh7 37. Qg8# {Black checkmated} 1-0

[Event "Team 45 45 League T57"]
[Site "Internet Chess Club"]
[Date "2013.06.10"]
[Round "3"]
[White "stanbeers"]
[Black "kutch"]
[Result "0-1"]
[WhiteElo "1515"]
[BlackElo "1515"]
[Opening "King's Indian, 3.Nf3"]
[ECO "E60"]
[Time "20:00:19"]
[TimeControl "2700+45"]

1. d4 Nf6 2. c4 g6 3. Nf3 Bg7 4. g3 d6 5. Bg2 c5 6. Bd2 Qb6 7. Bc3 O-O 8. O-O
Nbd7 9. Nbd2 Rb8 10. Rc1 Qa6 11. a4 Qb6 12. b3 Qc7 13. Re1 a6 14. e4 e5 15. d5
b5 16. Ba1 bxa4 17. bxa4 Bb7 18. Qc2 Ba8 19. Bc3 Rb7 20. Nb3 Rfb8 21. Ba5 Qc8
22. Rb1 Nb6 23. Bxb6 Rxb6 24. a5 Rb4 25. Nfd2 Bh6 26. Qd3 R8b7 27. Nf1 Qb8 28.
Nfd2 Bxd2 29. Nxd2 Rxb1 30. Rxb1 Rxb1+ 31. Nxb1 Qb4 32. Nd2 Qxa5 33. Nb3 Qe1+
34. Bf1 Qxe4 35. Qd2 Qb1 36. Na5 Qb6 37. Bg2 Nd7 38. Nc6 Kg7 39. Bh3 f5 40. Qg5
Nf6 41. Ne7 Qb1+ 42. Kg2 Qe4+ 43. Kg1 Qe1+ 44. Bf1 Qxf2+ 45. Kxf2 Ne4+ 46. Kg2
Nxg5 47. Nc8 Nf7 48. Nb6 Bb7 49. h4 e4 50. Na4 Ne5 51. Nb2 Bc8 52. Be2 Bd7 53.
Kf2 a5 54. Ke3 h6 55. Bd1 a4 56. Bxa4 Bxa4 57. Nxa4 Nxc4+ 58. Ke2 Kf6 59. Nc3
Ke5 60. Nb5 Kxd5 61. Nc7+ Ke5 62. Ne8 d5 63. Nc7 d4 64. Nb5 d3+ 65. Kf2 e3+ 66.
Ke1 Nb2 67. Nc3 d2+ 68. Ke2 d1=Q+ 69. Nxd1 Nxd1 70. Kxd1 Kd4 71. Ke2 c4 72. Kd1
c3 {White resigns} 0-1

[Event "Team 45 45 League T57"]
[Site "Internet Chess Club"]
[Date "2013.06.09"]
[Round "3"]
[White "pmxpp"]
[Black "Ostap-Bender"]
[Result "1/2-1/2"]
[WhiteElo "1452"]
[BlackElo "1429"]
[Opening "QGA: classical variation, 6.O-O"]
[ECO "D26"]
[Time "13:05:50"]
[TimeControl "2700+45"]

1. d4 d5 2. c4 dxc4 3. Nf3 c5 4. e3 Nf6 5. Bxc4 e6 6. O-O Nc6 7. Nc3 a6 8. a4
Be7 9. dxc5 O-O 10. Bd2 Bxc5 11. Rc1 Qe7 12. Qe2 Rd8 13. Rfd1 Bd7 14. Bd3 Nb4
15. Bb1 Bc6 16. Ne5 Rac8 17. Nxc6 Rxc6 18. Ne4 Nxe4 19. Bxe4 Rc7 20. Rxc5 Qxc5
21. Bxb4 Rxd1+ 22. Qxd1 Qc1 23. Bf3 Qxd1+ 24. Bxd1 Rc1 25. Kf1 Rxd1+ 26. Ke2 Rd5
27. g4 h5 28. h3 hxg4 29. hxg4 g6 30. Bc3 Kf8 31. a5 Ke8 32. f4 f5 33. gxf5 gxf5
34. b4 Kd7 35. Bd4 Kc6 36. Kd3 Kb5 37. Kc3 Rd7 38. Kb3 Rc7 39. Bc5 Rc6 40. Ka3
Kc4 41. Kb2 Rxc5 42. bxc5 Kxc5 43. Kc3 Kb5 44. Kd4 b6 45. axb6 Kxb6 46. Kc4 a5
47. Kc3 a4 48. Kb4 a3 49. Kxa3 Kc5 50. Kb3 Kd5 51. Kc3 Ke4 52. Kd2 e5 {Game
drawn by mutual agreement} 1/2-1/2

[Event "Team 45 45 League T57"]
[Site "Internet Chess Club"]
[Date "2013.06.08"]
[Round "3"]
[White "Gorongonde"]
[Black "nidusin2"]
[Result "1-0"]
[WhiteElo "1694"]
[BlackElo "1696"]
[Opening "Sicilian"]
[ECO "B53"]
[Time "08:54:47"]
[TimeControl "2700+45"]

1. e4 c5 2. Nf3 d6 3. d4 cxd4 4. Bc4 a6 5. O-O Nf6 6. Nxd4 Nxe4 7. Qh5 g6 8. Qd5
e6 9. Qxe4 d5 10. Qf3 dxc4 11. Rd1 Nd7 12. Nc3 Bg7 13. Be3 Qf6 14. Qg3 Qe7 15.
Ne4 e5 16. Nf5 gxf5 17. Qxg7 Qf8 18. Nf6+ Nxf6 19. Qxf6 Be6 20. Bg5 Bd7 21.
Qxe5+ Be6 22. Qf6 Bd7 23. Re1+ Be6 24. Rad1 {Black resigns} 1-0

[Event "Team 45 45 League T57"]
[Site "Internet Chess Club"]
[Date "2013.06.08"]
[Round "3"]
[White "fireball"]
[Black "montgomerydvd"]
[Result "1-0"]
[WhiteElo "1695"]
[BlackElo "1464"]
[Opening "King's gambit"]
[ECO "C30"]
[Time "09:00:32"]
[TimeControl "2700+45"]

1. e4 e5 2. f4 d6 3. Nf3 Nc6 4. Bc4 Be6 5. Bb3 Qe7 6. f5 Bxb3 7. axb3 Nf6 8. Nc3
Qd7 9. d3 Be7 10. O-O O-O 11. Bg5 a6 12. Qd2 Qd8 13. Bxf6 Bxf6 14. Nd5 h6 15.
Ra2 Nd4 16. Nxd4 exd4 17. Qb4 b5 18. Qa5 Ra7 19. Rfa1 Be5 20. Qd2 c6 21. Nb4 Qc7
22. Rxa6 Rxa6 23. Rxa6 c5 24. Nd5 Qb7 25. Rb6 Qa8 26. Qe1 b4 27. Qf1 f6 28. Qc1
Rf7 29. g3 Ra7 30. Kg2 Ra1 31. Qd2 Qa2 32. Rb8+ Kh7 33. Qe2 Qb1 34. Ne7 Qg1+ 35.
Kh3 Re1 36. Ng6 {Black resigns} 1-0

[Event "Team 45 45 League T57"]
[Site "Internet Chess Club"]
[Date "2013.06.08"]
[Round "3"]
[White "pcvan"]
[Black "monkeyshark"]
[Result "0-1"]
[WhiteElo "1563"]
[BlackElo "1583"]
[Opening "QGD: Orthodox defense, Rubinstein variation"]
[ECO "D61"]
[Time "19:00:14"]
[TimeControl "2700+45"]

1. d4 d5 2. c4 e6 3. Nc3 Nf6 4. Bg5 Be7 5. e3 Nbd7 6. Nf3 O-O 7. Qc2 b6 8. Bd3
Bb7 9. cxd5 exd5 10. O-O-O c5 11. h4 h6 12. Bxf6 Nxf6 13. Ne5 cxd4 14. exd4 Rc8
15. g4 Ne4 16. f3 Nxc3 17. bxc3 Bxh4 18. f4 Bg3 19. Rdf1 Qc7 20. Bf5 Qxc3 21.
Bxc8 Qa1+ 22. Kd2 Qxd4+ 23. Qd3 Bxf4+ 24. Rxf4 Qxf4+ 25. Qe3 Qxe3+ 26. Kxe3 Rxc8
27. Kd4 Rc2 28. a3 b5 29. Rb1 a6 30. a4 f6 31. Kd3 Rg2 32. Nd7 Rxg4 33. axb5
axb5 34. Rxb5 Ba6 {White resigns} 0-1

[Event "Team 45 45 League T57"]
[Site "Internet Chess Club"]
[Date "2013.06.08"]
[Round "3"]
[White "Insan996"]
[Black "SATELLITE-DAN"]
[Result "1-0"]
[WhiteElo "1573"]
[BlackElo "1532"]
[Opening "QGD: semi-Slav"]
[ECO "D31"]
[Time "21:17:27"]
[TimeControl "2700+45"]

1. d4 d5 2. c4 e6 3. Nc3 c6 4. Nf3 Be7 5. Qc2 Nf6 6. Bg5 Nbd7 7. e3 O-O 8. Bd3
dxc4 9. Bxc4 b5 10. Be2 Bb7 11. O-O a6 12. Rfd1 Rc8 13. a3 c5 14. dxc5 Rxc5 15.
b4 Rc7 16. Bf4 Rc8 17. Qb2 Nd5 18. Ne5 Bf6 19. Ne4 Nxf4 20. Nxf6+ Qxf6 21. exf4
Nxe5 22. fxe5 Qg6 23. Bf1 Rc4 24. Rd7 Bd5 25. h3 Rh4 26. Qc3 Rc4 27. Qd2 Rh4 28.
Qc3 Rc4 29. Qd2 Rfc8 30. Qd3 Qg5 31. Rxd5 exd5 32. Qxd5 R4c6 33. Rd1 Qe7 34. f4
h6 35. Be2 Rc2 36. Bg4 Qa7+ 37. Kh1 Rf8 38. Bf3 Rc4 39. Be4 Qe3 40. Bf3 Qxf4 41.
e6 fxe6 42. Qxe6+ Kh8 43. Qxa6 Qe5 44. Qa7 Rfc8 45. Qf2 Rc1 46. g3 Rd8 47. Rxc1
{Black resigns} 1-0

[Event "Team 45 45 League T57"]
[Site "Internet Chess Club"]
[Date "2013.06.07"]
[Round "3"]
[White "RedAttack"]
[Black "charles-allen"]
[Result "0-1"]
[WhiteElo "1838"]
[BlackElo "1896"]
[Opening "Queen's pawn game, Darooha variation "]
[ECO "D02"]
[Time "18:00:18"]
[TimeControl "2700+45"]

1. Nf3 d5 2. d4 Nf6 3. g3 c5 4. Bg2 Nc6 5. O-O Bg4 6. c3 e6 7. Bg5 cxd4 8. Nxd4
Be7 9. Nxc6 bxc6 10. Nd2 O-O 11. Re1 Qb6 12. Qb3 h6 13. Be3 Qa6 14. Bf1 Rfb8 15.
Qc2 Bf5 16. Qc1 e5 17. Bxh6 Qb6 18. Bg5 Ng4 19. Be3 Nxe3 20. fxe3 Qxe3+ 21. Kh1
Bg5 22. Rd1 Be4+ 23. Nxe4 Qxe4+ 24. Bg2 Qxg2+ 25. Kxg2 Bxc1 26. Rdxc1 Rxb2 27.
Kf1 Rab8 28. c4 Rd2 29. cxd5 cxd5 30. Rd1 Rxd1+ 31. Rxd1 d4 32. Rc1 f6 33. Rc7
Rb1+ 34. Kf2 Rb2 35. Rxa7 d3 36. Ke3 dxe2 37. Kf2 e1=Q+ 38. Kxe1 Rxh2 39. Ra8+
Kh7 40. Kf1 Kg6 41. a4 Ra2 42. a5 Kg5 43. Ra7 g6 44. a6 Kg4 45. Rg7 Rxa6 46.
Rxg6+ Kf3 47. Ke1 e4 48. Rh6 {White resigns} 0-1

[Event "Team 45 45 League T57"]
[Site "Internet Chess Club"]
[Date "2013.06.07"]
[Round "3"]
[White "jt2000"]
[Black "Portola"]
[Result "1/2-1/2"]
[WhiteElo "1711"]
[BlackElo "1844"]
[Opening "French: Chigorin variation"]
[ECO "C00"]
[Time "18:56:23"]
[TimeControl "2700+45"]

1. e4 e6 2. Qe2 Nf6 3. f4 d5 4. d3 c5 5. Nf3 Nc6 6. g3 Be7 7. Bg2 O-O 8. O-O b6
9. c3 dxe4 10. dxe4 Qc7 11. Rd1 Bb7 12. Be3 Nxe4 13. Na3 a6 14. Nc4 Nf6 15. Nce5
Nxe5 16. Nxe5 Bxg2 17. Qxg2 Nd5 18. Bd2 c4 19. Qe4 b5 20. Be1 Rad8 21. Bf2 Rd6
22. Rd2 Rfd8 23. Rad1 Nf6 24. Qe2 Rxd2 25. Rxd2 Rxd2 26. Qxd2 Nd5 27. Qd4 Bd6
28. Nf3 Nf6 29. h3 Nd7 30. Kf1 Nc5 31. Be3 h6 32. Kf2 Na4 33. Qd2 Nb6 34. Ke2
Nd5 35. Bd4 {Game drawn by mutual agreement} 1/2-1/2

[Event "Team 45 45 League T57"]
[Site "Internet Chess Club"]
[Date "2013.06.08"]
[Round "3"]
[White "QuieroAprender"]
[Black "amicusUK"]
[Result "1-0"]
[WhiteElo "1722"]
[BlackElo "1639"]
[Opening "Queen's pawn: Chigorin variation"]
[ECO "D00"]
[Time "17:02:28"]
[TimeControl "2700+45"]

1. Nc3 d5 2. d4 c6 3. g3 Nf6 4. Bg2 Bf5 5. Nf3 h6 6. O-O e6 7. a3 Bd6 8. Re1
Nbd7 9. Nh4 Bh7 10. f4 O-O 11. e4 dxe4 12. Nxe4 Nxe4 13. Bxe4 Bxe4 14. Rxe4 Qc7
15. c4 Nf6 16. Re1 Rfe8 17. c5 Bf8 18. b4 Rad8 19. Bb2 Rd5 20. Re5 Nd7 21. Rxd5
exd5 22. Nf3 Nf6 23. Qd3 Ne4 24. Re1 Qc8 25. a4 Qh3 26. b5 Re6 27. Ne5 f6 28.
Nf3 Kf7 29. a5 Qg4 30. Kg2 g5 31. fxg5 hxg5 32. Qe2 Re7 33. Ne5+ {Black resigns}
1-0

[Event "Team 45 45 League T57"]
[Site "Internet Chess Club"]
[Date "2013.06.08"]
[Round "3"]
[White "CaoCao"]
[Black "Helaman"]
[Result "1/2-1/2"]
[WhiteElo "1920"]
[BlackElo "1918"]
[Opening "Sicilian: Najdorf, Byrne (English) attack"]
[ECO "B90"]
[Time "22:17:44"]
[TimeControl "2700+45"]

1. e4 c5 2. Nf3 d6 3. d4 cxd4 4. Nxd4 Nf6 5. Nc3 a6 6. Be3 e6 7. f3 b5 8. Qd2
Nbd7 9. O-O-O Bb7 10. Kb1 b4 11. Na4 d5 12. exd5 Nxd5 13. Bg5 Qa5 14. b3 Bc5 15.
Bc4 O-O 16. Bxd5 Bxd5 17. Nxc5 Nxc5 18. Be7 Rfc8 {Game drawn by mutual
agreement} 1/2-1/2

[Event "Team 45 45 League T57"]
[Site "Internet Chess Club"]
[Date "2013.06.08"]
[Round "3"]
[White "LittleButton"]
[Black "RamRock"]
[Result "1-0"]
[WhiteElo "1832"]
[BlackElo "1882"]
[Opening "Caro-Kann: exchange, Rubinstein variation"]
[ECO "B13"]
[Time "13:00:09"]
[TimeControl "2700+45"]

1. e4 c6 2. d4 d5 3. exd5 cxd5 4. Bd3 Nc6 5. c3 Nf6 6. Bf4 g6 7. Nf3 Bf5 8. Bxf5
gxf5 9. Nbd2 e6 10. Qb3 Qd7 11. h3 Ne4 12. Ne5 Nxe5 13. Bxe5 Nxd2 14. Kxd2 Bh6+
15. Ke2 Rg8 16. g4 fxg4 17. hxg4 Rg6 18. g5 Bxg5 19. Rxh7 O-O-O 20. Qb4 Be7 21.
Qa5 Qc6 22. Rxf7 Re8 23. Rh1 Qc4+ 24. Kd2 Bg5+ 25. f4 Bd8 26. Qxa7 Rg2+ 27. Kc1
Be7 28. Qb8+ Kd7 29. Qd6+ Kc8 30. Rxe7 Rc2+ 31. Kb1 Rxb2+ 32. Kxb2 Qb5+ 33. Ka1
{Black resigns} 1-0

[Event "Team 45 45 League T57"]
[Site "Internet Chess Club"]
[Date "2013.06.07"]
[Round "3"]
[White "kidcobra"]
[Black "TwoEqualsOne"]
[Result "0-1"]
[WhiteElo "1749"]
[BlackElo "1831"]
[Opening "Sicilian: dragon, Yugoslav attack, Rauser variation"]
[ECO "B76"]
[Time "19:11:52"]
[TimeControl "2700+45"]

1. e4 c5 2. Nf3 d6 3. d4 cxd4 4. Nxd4 Nf6 5. Nc3 g6 6. Be3 Bg7 7. f3 O-O 8. Qd2
Nc6 9. O-O-O d5 10. exd5 Nxd5 11. Nxd5 Qxd5 12. Nxc6 Qxc6 13. Bd4 Rd8 14. Qe3
Qd6 15. c3 e5 16. Bc4 exd4 17. cxd4 Qc7 18. Qc3 Qf4+ 19. Kb1 Rxd4 20. Rxd4 Qxd4
21. Qb3 Qf6 22. Re1 Bf5+ 23. Ka1 h5 24. Qxb7 Rc8 25. Bd5 Rc2 26. Rb1 Rxg2 27.
Be4 Bxe4 28. fxe4 Qb6 29. Qa8+ Kh7 30. e5 Rxb2 31. Re1 Rb1+ 32. Rxb1 Bxe5+ 33.
Rb2 Qxb2# {White checkmated} 0-1

[Event "Team 45 45 League T57"]
[Site "Internet Chess Club"]
[Date "2013.06.08"]
[Round "3"]
[White "justice02"]
[Black "xt"]
[Result "1-0"]
[WhiteElo "1744"]
[BlackElo "1674"]
[Opening "English: symmetrical, main line with d3"]
[ECO "A38"]
[Time "13:33:36"]
[TimeControl "2700+45"]

1. c4 c5 2. Nc3 Nc6 3. g3 g6 4. Bg2 Bg7 5. Nf3 Nf6 6. O-O O-O 7. d3 d6 8. Rb1
Qc7 9. a3 a6 10. b4 cxb4 11. axb4 Nd7 12. Nd5 Qd8 13. Be3 e6 14. Nf4 Rb8 15. b5
axb5 16. Rxb5 Qe7 17. Qc2 Bh6 18. Nxg6 fxg6 19. Bxh6 Rf7 20. Ng5 Nd4 21. Qb2
Nxb5 22. Nxf7 Qxf7 23. Qxb5 Ne5 24. Qb2 Bd7 25. Qa3 Qe7 26. Bf4 Qf8 27. Rb1 Bc6
28. Bh3 Ra8 29. Bxe6+ Kg7 30. Qb2 Qf6 31. Bd5 Bxd5 32. cxd5 Rb8 33. Qb6 Qe7 34.
Bxe5+ dxe5 35. d6 Qd7 36. Qc7 Qxc7 37. dxc7 Rc8 38. Rxb7 Kf7 39. f4 exf4 40.
gxf4 Ke7 41. Kf2 Kd6 42. Kf3 Kc6 43. Rb3 Kd6 44. Rc3 Kd7 45. Kg4 h6 46. h4
{Black resigns} 1-0

[Event "Team 45 45 League T57"]
[Site "Internet Chess Club"]
[Date "2013.06.16"]
[Round "3"]
[White "alexping"]
[Black "MeoPatacca"]
[Result "0-1"]
[WhiteElo "1804"]
[BlackElo "1801"]
[Opening "Dutch defense, Rubinstein variation"]
[ECO "A40"]
[Time "11:07:03"]
[TimeControl "2700+45"]

1. d4 e6 2. c4 f5 3. Nc3 Nf6 4. Nf3 b6 5. g3 Bb7 6. Bg2 Be7 7. O-O O-O 8. Re1 d6
9. d5 e5 10. Ng5 Bc8 11. Ne6 Bxe6 12. dxe6 c6 13. e4 fxe4 14. Nxe4 Nxe4 15. Bxe4
Qe8 16. f4 Na6 17. Qc2 Nb4 18. Qg2 Rd8 19. a3 d5 20. Bxh7+ Kxh7 21. Qh3+ Kg8 22.
Rxe5 Bf6 23. axb4 Bxe5 24. fxe5 Qe7 25. Qg4 Rde8 26. cxd5 cxd5 27. Bh6 Kh7 28.
Be3 Qxe6 29. Qxe6 Rxe6 30. Rxa7 Rf3 31. Bf2 Rb3 32. Rd7 Rxb4 33. Rxd5 Rxb2 34.
Rd1 b5 35. Bc5 Kg6 36. Bd6 b4 37. Rd4 b3 38. Rg4+ Kh7 39. Rb4 Kg6 40. Rb8 Kf5
41. Rb7 g6 42. Rb4 g5 43. h4 gxh4 44. Rf4+ Kg6 45. Rg4+ Kh5 46. Rxh4+ Kg5 47.
Rb4 Re8 48. Rf4 Ra8 49. e6 Ra1+ 50. Rf1 Rxf1+ 51. Kxf1 Kf6 52. e7 Kf7 53. Ke1
Rg2 {White resigns} 0-1

[Event "Team 45 45 League T57"]
[Site "Internet Chess Club"]
[Date "2013.06.06"]
[Round "3"]
[White "Inquisiteur"]
[Black "bobhill"]
[Result "1-0"]
[WhiteElo "1652"]
[BlackElo "1882"]
[Opening "Sicilian: closed, 2...Nc6"]
[ECO "B23"]
[Time "20:10:55"]
[TimeControl "2700+45"]

1. e4 c5 2. Nc3 Nc6 3. Bb5 g6 4. Bxc6 dxc6 5. d3 Bg7 6. Be3 b6 7. Nf3 Nf6 8. h3
Bd7 9. Ne5 Be6 10. f4 Qc7 11. O-O Nh5 12. g4 Bxe5 13. gxh5 Bg7 14. Qf3 O-O-O 15.
Rad1 Rhg8 16. Kh1 Bf6 17. h6 Bh8 18. Rg1 f5 19. Bf2 Rdf8 20. e5 g5 21. Rxg5 Rxg5
22. fxg5 Bxe5 23. Re1 Bg8 24. Kg1 Bd6 25. d4 c4 26. Ne4 Bf4 27. Bg3 Bxg3 28.
Nxg3 Bd5 29. Qf2 e6 30. Re5 Qd8 31. h4 Rg8 32. Nh5 Rg6 33. Nf4 Rxg5+ 34. hxg5
Qxg5+ 35. Kf1 Qxh6 36. Ke2 Kd7 37. Nxd5 cxd5 38. Kd1 Qg6 39. c3 h5 40. Re1 b5
41. Rg1 Qh6 42. Qd2 f4 43. Rf1 Qg6 44. Kc1 f3 45. Rxf3 Qe4 46. Qf2 a5 47. Rf7+
Kc6 48. Qg3 e5 49. Rf6+ {Black resigns} 1-0